 Dungeon Crawl Stone Soup version 0.22-a0-458-gb446440 (webtiles) character file.

135 nikopol the Firebug (level 4, 0/24 HPs)
             Began as a Deep Elf Fire Elementalist on June 9, 2018.
             Succumbed to an adder's poison
             ... on level 4 of the Dungeon.
             The game lasted 00:06:46 (2786 turns).

nikopol the Firebug (Deep Elf Fire Elementalist)    Turns: 2786, Time: 00:06:46

Health: 0/24       AC:  2    Str:  5    XL:     4   Next: 97%
Magic:  0/11       EV: 12    Int: 21    God:
Gold:   49         SH:  4    Dex: 15    Spells: 4/10 levels left

rFire    . . .     SeeInvis .   (no weapon)
rCold    . . .     Gourm    .   m - +0 buckler
rNeg     + . .     Faith    .   a - +0 robe
rPois    .         Spirit   .   (no helmet)
rElec    .         Reflect  .   (no cloak)
rCorr    .         Harm     .   (no gloves)
MR       .....                  (no boots)
Stlth    ++........             (no amulet)
HPRegen  0.08/turn              i - ring of positive energy
MPRegen  0.12/turn              (no ring)

@: lethally poisoned (0 -> -4), very slightly contaminated
A: no striking features
a: no special abilities


You were on level 4 of the Dungeon.
You were hungry.

You visited 1 branch of the dungeon, and saw 4 of its levels.

You collected 49 gold pieces.

Inventory:

Armour
 a - a +0 robe (worn)
 m - a +0 buckler (worn)
Jewellery
 i - a ring of positive energy (left hand)
Scrolls
 b - a scroll of amnesia {unknown}
 d - 3 scrolls of teleportation {unknown}
 e - 7 scrolls of identify {unknown}
 g - a scroll of blinking {unknown}
 h - a scroll of remove curse {unknown}
 j - a scroll of fear {unknown}
 k - a scroll of magic mapping {unknown}
 p - a scroll of enchant armour {unknown}
Potions
 f - a potion of mutation {unknown}
 l - a potion of haste {unknown}
 n - a potion of berserk rage {unknown}
 q - a potion of agility {unknown}
Comestibles
 c - 7 rations


   Skills:
 + Level 0.2 Fighting
 + Level 2.6 Dodging
 + Level 3.0 Stealth
 * Level 0.7 Shields
 + Level 3.7 Spellcasting
 + Level 2.8 Conjurations
 + Level 4.6 Fire Magic


You had 4 spell levels left.
You knew the following spells:

 Your Spells              Type           Power        Failure   Level  Hunger
a - Flame Tongue          Conj/Fire      ###..        4%          1    None
b - Throw Flame           Conj/Fire      ###...       6%          2    ##.....
c - Conjure Flame         Conj/Fire      ###.....     12%         3    ###....

Your spell library contained the following spells:

 Spells                   Type           Power        Failure   Level  Hunger
 Fireball                 Conj/Fire      ###.......   73%         5    ######.
 Confuse                  Hex            #.......     50%         3    ###....
 Sticky Flame             Conj/Fire      ###.....     36%         4    ####...
 Confusing Touch          Hex            #.....       19%         1    None
 Metabolic Englaciation   Hex/Ice        #.........   99%         5    ######.
 Petrify                  Tmut/Erth      #.......     88%         4    ####...
 Inner Flame              Hex/Fire       ##......     22%         3    ###....
 Gell's Gravitas          Tloc           #.........   50%         3    ###....
 Yara's Violent Unravell  Hex/Tmut       #.........   99%         5    ######.


Dungeon Overview and Level Annotations

Branches:
Dungeon (4/15)
 Temple: D:4-7

Altars:
Wu Jian
Yredelemnul

Shops:
D:4 [


Message History

Press: ? - help, Shift-Dir - straight line, f - worker ant
Aim: a worker ant (lightly wounded)
The flame tongue misses the worker ant.
The flame tongue misses the orc.
The worker ant closely misses you.
Casting: Flame Tongue (safe; 4% risk of failure)
Confirm with . or Enter, or press ? or * to list all spells.
Aiming: Flame Tongue (safe; 4% risk of failure)
Press: ? - help, Shift-Dir - straight line, f/p - worker ant
Aim: a worker ant (lightly wounded)
The flame tongue hits the worker ant.
The worker ant appears unharmed.
The worker ant is lightly wounded.
You feel sick. The worker ant barely misses you.
Casting: Flame Tongue (safe; 4% risk of failure)
Confirm with . or Enter, or press ? or * to list all spells.
You don't have enough magic to cast that spell.
Unknown command.
Okay, then.
The worker ant bites you.
* * * LOW HITPOINT WARNING * * *
You die...

#?#### #..#
#o# ..# #.#
.# #####.#
.#
#..†S.####
#o###.......
#.a.........
#..o##..##..
##@## #... #
#.# #..# #..
..# #... .#
#.#.. #.#...
#...### ...
#


You could see a worker ant and 2 orcs.

Vanquished Creatures
  4 adders
  3 oozes
  A worm (D:2)
  4 dart slugs
  4 leopard geckos
  5 orcs
  2 giant cockroaches (D:3)
  2 gnoll zombies (D:3)
  7 goblins
  7 hobgoblins
  2 jackals (D:1)
  A quokka (D:3)
  8 bats
  4 frilled lizards
  4 kobolds
  10 rats
68 creatures vanquished.

Notes
Turn   | Place    | Note
-------+----------+-------------------------------------------
     0 | D:1      | nikopol the Deep Elf Fire Elementalist began the quest for the Orb.
     0 | D:1      | Reached XP level 1. HP: 10/10 MP: 6/6
   108 | D:1      | Reached XP level 2. HP: 15/15 MP: 4/8
   365 | D:1      | Reached skill level 4 in Fire Magic
   661 | D:1      | Reached XP level 3. HP: 19/19 MP: 4/9
  1125 | D:2      | Learned a level 2 spell: Throw Flame
  1129 | D:2      | Learned a level 3 spell: Conjure Flame
  1218 | D:2      | Found an ornate altar of the Wu Jian Council.
  1760 | D:3      | Reached XP level 4. HP: 24/24 MP: 3/11
  2162 | D:3      | Found a basalt altar of Yredelemnul.
  2754 | D:4      | Found Ypsymoik's Antique Armour Shoppe.
  2785 | D:4      | HP: 1/24 [worker ant (6)]
  2786 | D:4      | Succumbed to an adder's poison

Vault maps used:
D:1:      dpeg_arrival_long_road
D:2:      nicolae_overflow_crystal_walls, first_ration
D:3:      minmay_wonky_spiral, lemuel_zombie_altar_yredelemnul, minivault_23,
          serial_park_tiny_pond
D:4:      kennysheep_mini_moat, eat_drink_and_be_merry_uskayaw, serial_shops,
          shop, nicolae_shop_statue_plus, kennysheep_mini,
          nicolae_shop_overgrown_old_shop, palyth_stone_intersect,
          kennysheep_orc_chapel, uniq_sigmund

Skill      XL: |  1  2  3  4 |
---------------+-------------+-----
Fire Magic     | 4 |  4.6
Conjurations   | 2 |  2.8
Stealth        | 3 |  3.0
Fighting       | |  0.2
Dodging        | |  2.6
Shields        | |  0.7
Spellcasting   | |  3.7

Action                   |  1- 3 |  4- 6 || total
-------------------------+-------+-------++-------
 Cast: Flame Tongue      |    90 |    54 ||   144
       Conjure Flame     |     1 |     1 ||     2
  Eat: Chunk             |     1 |     4 ||     5
Armor: Robe              |    16 |     5 ||    21
Dodge: Dodged            |    34 |    17 ||    51
Block: Buckler           |       |     2 ||     2

Table legend:
 A = Spawn XP
 B = Non-spawn XP
 C = Spawn XP percentage of total XP
 D = Spawn monster count
 E = Non-spawn monster count
 F = Spawn count percentage of total count
 G = Total turns spent on level
                    A         B        C        D         E        F      G
               +---------+---------+-------+---------+---------+-------+---------
         Total |       0 |     194 |   0.0 |       0 |      68 |   0.0 |  2786
               +---------+---------+-------+---------+---------+-------+---------
           D:1 |       0 |      51 |   0.0 |       0 |      29 |   0.0 |   982
           D:2 |       0 |      43 |   0.0 |       0 |      17 |   0.0 |   819
           D:3 |       0 |      75 |   0.0 |       0 |      19 |   0.0 |   952
           D:4 |       0 |      25 |   0.0 |       0 |       3 |   0.0 |    33
               +---------+---------+-------+---------+---------+-------+---------
